 Dungeon Crawl Stone Soup version 0.30-a0-1016-gfb0d676c02 (webtiles) character file.

Game seed: 8937244067339938119

77 DeathPants the Insei (level 4, -3/31 (33) HPs)
             Began as a Demonspawn Transmuter on Apr 6, 2023.
             Slain by Crazy Yiuf
             ... wielding a +4 quarterstaff of chaos
              (4 damage)
             ... on level 3 of the Dungeon.
             The game lasted 00:08:19 (2033 turns).

DeathPants the Insei (Demonspawn Transmuter)        Turns: 2033, Time: 00:08:19

HP:   -3/31 (33)    AC:  3    Str: 12    XL:     4   Next: 14%
MP:   7/7           EV: 12    Int: 14    God:
Gold: 202           SH:  0    Dex: 14    Spells: 5/8 levels left

rFire   . . .      SeeInvis .      - Unarmed
rCold   . . .      Faith    .    (no shield)
rNeg    . . .      Spirit   .    a - +1 robe
rPois   .          Reflect  .    (helmet currently unavailable)
rElec   .          Rampage  .    (no cloak)
rCorr   .                        (no gloves)
Will    .....                    (boots currently unavailable)
Stlth   +                        (no amulet)
HPRegen 0.25/turn                c - ring of flight
MPRegen 0.10/turn                (no ring)

@: confused, lethally poisoned (-3 -> -8), appendages (expiring),
ambrosia-drunk, flying, drained
A: talons 2, horns 1, demonic magic 2
a: End Transformation


You were on level 3 of the Dungeon.
You had temporarily grown beastly talons.
You visited 1 branch of the dungeon, and saw 4 of its levels.

You collected 202 gold pieces.

Inventory:

Missiles
 h - 3 javelins
Armour
 a - a +1 robe (worn)
Jewellery
 c - a ring of flight (left hand)
Potions
 b - 2 potions of lignification
 d - a potion of heal wounds
 e - a potion of berserk rage {unknown}
 i - a potion of haste {unknown}
 j - 3 potions of curing
 n - a potion of mutation {unknown}


   Skills:
 + Level 2.0 Fighting
 + Level 2.3 Dodging
 + Level 3.1 Unarmed Combat
 + Level 2.5 Spellcasting
 + Level 2.3 Transmutations


You had 5 spell levels left.
You knew the following spells:

 Your Spells              Type           Power      Damage    Failure   Level
a - Beastly Appendage     Tmut           16%        N/A       9%          1
b - Wereblood             Tmut           8%         N/A       13%         2

Your spell library contained the following spells:

 Spells                   Type           Power      Damage    Failure   Level
 Blink                    Tloc           2%         N/A       34%         2
 Lesser Beckoning         Tloc           2%         N/A       34%         2
 Momentum Strike          Conj/Tloc      2%         3d8       34%         2
 Spider Form              Tmut/Pois      5%         N/A       38%         3
 Ice Form                 Ice/Tmut       5%         N/A       80%         4


Dungeon Overview and Level Annotations

Branches:
Dungeon (4/15)
 Temple: D:4-7

Altars:
Ashenzari
Kikubaaqudgha
Sif Muna

Annotations:
D:3 Crazy Yiuf


Innate Abilities, Weirdness & Mutations

You have temporarily grown beastly talons.
You have a pair of small horns on your head.
Spells you cast may paralyse nearby enemies.


Message History

You aren't carrying any weapons that can be enchanted.
e - a scroll of identify
As you read the scroll of identify, it crumbles to dust.
d - a potion of heal wounds You now have 202 gold pieces (gained 16).
Found a scroll of immolation.
Found an ancient bone altar of Kikubaaqudgha.
e - a bubbling white potion
Found a hammer.
Found a runed translucent door.
Crazy Yiuf shouts!
You reach down and open the door.
Casting: Beastly Appendage (safe; 9% risk of failure)
Press: ? - help, Q - select action, (/) - cycle Dir - look around, f - activate Your feet morph into talons.
Malevolent energies surge around you.
Crazy Yiuf yells, "Walk meccalolo arga!"
Okay, then.
You closely miss Crazy Yiuf.
Crazy Yiuf cries, "You leg down broken song, no?"
Crazy Yiuf hits you with a +4 quarterstaff of chaos!
You are poisoned.
You are confused.
You feel invigorated.
You feel very sick.
Crazy Yiuf hits you with a +4 quarterstaff of chaos.
Crazy Yiuf burns you.
You hit Crazy Yiuf. You headbutt Crazy Yiuf!
Crazy Yiuf is heavily wounded.
You feel very sick. Crazy Yiuf misses you.
You bump into the stone wall.
You feel sick.
Crazy Yiuf grits, "Buddy snockshim sanguine!"
Crazy Yiuf hits you with a +4 quarterstaff of chaos!
Crazy Yiuf freezes you.
You bump into the tree.
Your transformation is almost over.
You feel sick.
Crazy Yiuf hits you with a +4 quarterstaff of chaos!
* * * LOW HITPOINT WARNING * * *
You feel drained.
You die...

####...##
#.......#
... .#.
#.......#
##### ..
###...
####.......#
#)..#
.....#.#
...#.......#
#...# ##
.#.. _.
...#.......#
... ..
...#.#
...#.......#
#g#
####.##.#...
...#.......#
♣@♣♣
#.......#...
...#.......#
♣♣.♣
#......<....
...#.......#
♣.♣♣
#.....######
...#.......#
♣♣.♣ #....
...#.......#
♣♣.♣♣ #...
...#.....###
♣♣...♣ ###
...'>......#
♣....♣
...#########
#....#
........#
#####....##
#


You could see Crazy Yiuf.

Vanquished Creatures
  3 adders
  4 worms (D:2)
  A dart slug (D:1)
  3 ball pythons
  3 endoplasms
  2 giant cockroaches (D:2)
  3 goblins
  2 hobgoblins
  10 bats
  A frilled lizard (D:1)
  2 kobolds
  4 rats
38 creatures vanquished.

Notes
Turn   | Place    | Note
-------+----------+-------------------------------------------
     0 | D:1      | DeathPants the Demonspawn Transmuter began the quest for
                  | the Orb.
     0 | D:1      | Reached XP level 1. HP: 15/15 MP: 3/3
   254 | D:1      | Gained mutation: Spells you cast may paralyse adjacent
                  | enemies. [demonic ancestry]
   254 | D:1      | Reached XP level 2. HP: 21/21 MP: 5/5
   623 | D:1      | Found a faded altar of an unknown god.
   794 | D:2      | Mutation became permanent: You have a pair of small horns
                  | on your head. [demonic ancestry]
   794 | D:2      | Gained mutation: You have a pair of horns on your head.
                  | [demonic ancestry]
   794 | D:2      | Reached XP level 3. HP: 7/26 MP: 4/6
   963 | D:2      | Found a shimmering blue altar of Sif Muna.
  1059 | D:2      | Reached skill level 3 in Unarmed Combat
  1162 | D:3      | Found a broken altar of Ashenzari.
  1688 | D:3      | Learned a level 2 spell: Wereblood
  1697 | D:3      | Gained mutation: Spells you cast may paralyse nearby
                  | enemies. [demonic ancestry]
  1697 | D:3      | Reached XP level 4. HP: 33/33 MP: 5/7
  1962 | D:3      | Found an ancient bone altar of Kikubaaqudgha.
  2023 | D:3      | Found a runed translucent door.
  2024 | D:3      | Noticed Crazy Yiuf
  2033 | D:3      | HP: 1/33 [Crazy Yiuf/+4 quarterstaff of chaos (12)]
  2033 | D:3      | Slain by Crazy Yiuf

Illustrated notes

Levels and vault maps discovered:
D:1:      psy_arrival_radial02, layout_basic,
          shapermc_ecumenical_altar_mp_vishouse
D:2:      minmay_skewed_foursquare, layout_loops_ring, basic_altar, hex_medium,
          minmay_misc_feat_square, roderic_nine_men_s_morris
D:3:      layout_basic, kiku_gazebo_garden_becter, lemuel_crystal_altar,
          kennysheep_generic_room_7, uniq_grinder, uniq_crazy_yiuf_cottage
D:4:      layout_cave_pods, uniq_pargi

Skill      XL: |  1  2  3 |
---------------+----------+-----
Dodging        | 2 |  2.3
Transmutations | 2 |  2.3
Unarmed Combat | 3 |  3.1
Fighting       | 2 |  2.0
Spellcasting   | |  2.5

Action                     |  1- 3 |  4- 6 || total
---------------------------+-------+-------++-------
  Melee: Unarmed           |   121 |    11 ||   132
         Kick              |    17 |     1 ||    18
         Headbutt          |     9 |     3 ||    12
         Punch             |     1 |     1 ||     2
   Cast: Beastly Appendage |    11 |     2 ||    13
    Use: Scroll            |     7 |     3 ||    10
         Potion            |       |     1 ||     1
   Stab: Paralysed         |     8 |     2 ||    10
 Armour: Robe              |    40 |     2 ||    42
  Dodge: Dodged            |    91 |     1 ||    92

Table legend: (Time is in decaauts)
 A = Elapsed time spent in this place.
 B = Non-inter-level travel time spent in this place.
 C = Inter-level travel time spent in this place.
 D = Time resting spent in this place.
 E = Time spent auto-exploring this place.
 F = Levels seen in this place.
 G = Mean time per level.
                   A        B        C        D        E       F      G
               +--------+--------+--------+--------+--------+-----+--------+
         Total |   2028 |   2013 |     15 |     26 |   1441 |   4 |  507.0 |
       Dungeon |   2028 |   2013 |     15 |     26 |   1441 |   4 |  507.0 |
               +--------+--------+--------+--------+--------+-----+--------+

Top non-repeatable levels by time:
     D:2: 1037 daAuts
     D:1: 628 daAuts
     D:3: 359 daAuts
     D:4: 1 daAuts
